 Dungeon Crawl Stone Soup version 0.20.1-1-g8b1a95d (webtiles) character file.

4797 letownia2 the Reanimator (level 10, -7/81 HPs)
             Began as a Deep Dwarf Necromancer on Oct 29, 2017.
             Was an Initiate of Gozag.
             Mangled by Snorg (21 damage)
             ... on level 10 of the Dungeon.
             The game lasted 00:32:00 (9442 turns).

letownia2 the Reanimator (Deep Dwarf Necromancer)   Turns: 9442, Time: 00:32:02

Health: -7/81      AC:  7    Str: 13    XL:     10   Next: 24%
Magic:  14/22      EV: 11    Int: 18    God:    Gozag
Gold:   870        SH:  0    Dex: 13    Spells: 16/25 levels left

rFire    . . .     SeeInvis .   a - +2 dagger (venom)
rCold    . . .     Gourm    .   (no shield)
rNeg     . . .     Faith    .   m - +1 ring mail (curse)
rPois    .         Spirit   .   (no helmet)
rElec    .         Reflect  .   (no cloak)
rCorr    .         Harm     .   (no gloves)
MR       +....                  O - +0 pair of boots
Stlth    ..........             (no amulet)
Regen    0.0/turn               f - ring of loudness (curse)
MPRegen  0.2/turn               (no ring)

@: non-regenerating
A: damage resistance, heal wounds, sense surroundings 2, no regeneration
a: Heal Wounds, Potion Petition, Call Merchant, Bribe Branch, Renounce Religion


You were on level 10 of the Dungeon.
You worshipped Gozag.
Gozag was pleased with you.
You were not hungry.

You visited 2 branches of the dungeon, and saw 11 of its levels.
You also visited: Sewer.

You collected 1638 gold pieces.
You paid 768 gold pieces to Gozag.

Inventory:

Hand Weapons
 a - a +2 dagger of venom (weapon)
 b - a +0 hunting sling
 c - a +1 blowgun
 d - a +2 spear of piercing
 E - a +0 war axe
Missiles
 g - 78 sling bullets
 D - 19 poisoned needles
 J - 8 javelins
 K - 3 tomahawks (quivered)
Armour
 j - a +0 scale mail
 m - a cursed +1 ring mail (worn)
 O - a +0 pair of boots (worn)
 P - a +0 troll leather armour
Jewellery
 f - a cursed ring of loudness (left hand)
Wands
 r - a wand of iceblast (7/15)
 G - a wand of polymorph (2/24)
 R - a wand of confusion (10/48)
Scrolls
 h - a scroll of identify
 i - 3 scrolls of remove curse
 l - 3 scrolls of enchant weapon
 t - 4 scrolls of recharging
 v - a scroll of enchant armour
 x - a scroll of amnesia
 y - a scroll of fear
 z - 2 scrolls of teleportation
 A - 3 scrolls of immolation
 B - a scroll of blinking {unknown}
Potions
 e - 5 potions of curing
 n - 2 potions of mutation {unknown}
 o - 3 potions of lignification {unknown}
 q - 2 potions of flight {unknown}
 s - 2 potions of might {unknown}
 u - 2 potions of magic {unknown}
 w - a potion of agility {unknown}
 C - a potion of haste {unknown}
 H - a potion of ambrosia {unknown}
 I - a potion of resistance {unknown}
 L - 2 potions of brilliance {unknown}
 M - 2 potions of degeneration {unknown}
 N - 2 potions of heal wounds {unknown}
Comestibles
 p - 7 bread rations


   Skills:
 - Level 2.7 Fighting
 - Level 2.5 Armour
 - Level 2.1 Dodging
 - Level 2.4 Stealth
 + Level 8.4 Spellcasting
 - Level 11.3 Necromancy
 - Level 5.9 Evocations


You had 16 spell levels left.
You knew the following spells:

 Your Spells              Type           Power        Failure   Level  Hunger
a - Pain                  Necr           ####         1%          1    None
d - Throw Flame           Conj/Fire      #.....       28%         2    None
i - Ignite Poison         Fire/Tmut/Pois #.......     50%         3    None
v - Vampiric Draining     Necr           #####.....   1%          3    None


Dungeon Overview and Level Annotations

Branches:
Dungeon (10/15)            Temple (1/1) D:4
   Lair: D:8-11         Orc: D:9-12

Altars:
Dithmenos
Elyvilon
Fedhas
Gozag
Hepliaklqana
Kikubaaqudgha
Makhleb
Nemelex Xobeh
Okawaru
Qazlal
Ru
Sif Muna
Trog
Uskayaw
Vehumet
Xom
Yredelemnul
Zin
The Shining One

Shops:
D:7 [(   D:9 ?

Annotations:
D:4 2 transporters, letownia2's ghost, amateur DDNe
D:9 1 exclusion, Psyche
D:10 Snorg


Innate Abilities, Weirdness & Mutations

You are resistant to damage.
You can heal yourself by infusing magical energy.
You passively map the area around you.
You do not regenerate.


Message History

Snorg claws you!! Snorg claws you but does no damage.
Snorg completely misses you. Snorg claws you. x2
Evoke which item? (* to show all) (? for menu, Esc to quit)
Aiming: Confuse
Press: ? - help, Shift-Dir - straight line, f/p - Snorg
Aim: Snorg (berserk, fast, unusually strong, chance to defeat MR: 28%) Snorg easily resists.
This wand has 11 charges left.
Snorg bites you! Snorg closely misses you. Snorg barely misses you.
Evoke which item? (* to show all) (? for menu, Esc to quit)
Aiming: Confuse
Press: ? - help, Shift-Dir - straight line, f/p - Snorg
Aim: Snorg (berserk, fast, unusually strong, chance to defeat MR: 28%) Snorg easily resists.
This wand has 10 charges left.
Snorg bites you! Snorg claws you!
* * * LOW HITPOINT WARNING * * *
Snorg claws you!
* * * LOW HITPOINT WARNING * * *
Snorg bites you!!
You die...
Your body crumbles into a pile of gold.

, *, * ,
#####+##### *
#....!....#
,..###.........#
* * , **
..'........$#
#.........# *,
*#T#* * #@### *
#...## , ###..#
* * ###'#######
, ,, ,
#..<......# * ,
#######.#.# ,
,...#.#.# ,
*#.###.# , * * ,
...#.#


You could see Snorg (berserk).

Vanquished Creatures
  A hippogriff (D:8)
  A spriggan (D:8)
  A shadow (D:8)
  A wyvern (D:9)
  A vampire (D:9)
  Duvessa (D:7)
  5 sky beasts
  2 ogres
  4 orc warriors
  2 black bears
  A phantom (D:6)
  A centaur (D:8)
  A big kobold (Sewer)
  3 bullfrogs
  A wyvern zombie (D:7)
  Dowan (D:7)
  2 scorpions (D:7)
  5 killer bees (D:8)
  A wight (D:9)
  6 howler monkeys
  4 crimson imps
  8 hounds
  2 jellies
  A centaur skeleton (D:9)
  2 centaur zombies
  6 orc priests
  2 bullfrog skeletons
  11 orc wizards
  6 worker ants
  A hound skeleton (D:9)
  4 worker ant zombies
  9 gnolls
  A howler monkey skeleton (D:6)
  8 adders
  2 river rats (Sewer)
  A shadow imp (D:5)
  2 dart slugs
  8 leopard geckos
  31 orcs
  A ball python (D:3)
  11 bats
  7 giant cockroaches
  8 goblins
  15 hobgoblins
  4 jackals
  6 quokkas
  6 frilled lizards
  8 kobolds
  14 rats
230 creatures vanquished.

Notes
Turn   | Place    | Note
-------+----------+-------------------------------------------
     0 | D:1      | letownia2 the Deep Dwarf Necromancer began the quest for the Orb.
     0 | D:1      | Reached XP level 1. HP: 15/15 MP: 3/3
   203 | D:2      | Reached XP level 2. HP: 17/22 MP: 1/4
   426 | D:2      | Reached skill level 5 in Necromancy
   638 | D:2      | Reached XP level 3. HP: 18/28 MP: 0/5
   650 | D:2      | Learned a level 3 spell: Vampiric Draining
  1272 | D:4      | Reached skill level 1 in Armour
  1272 | D:4      | Reached XP level 4. HP: 29/36 MP: 0/7
  1281 | D:4      | Found a bloodstained altar of Trog.
  1300 | D:4      | Found a staircase to the Ecumenical Temple.
  1347 | Temple   | Entered the Ecumenical Temple
  1479 | D:4      | Noticed letownia2's ghost (amateur DDNe)
  1482 | D:4      | Noticed an ogre
  1510 | D:4      | Found a transporter.
  1515 | D:4      | Found a transporter.
  1516 | D:4      | Noticed a big kobold
  1736 | D:4      | Found a glowing drain.
  1742 | Sewer    | Entered a sewer
  1932 | Sewer    | Noticed a big kobold
  1986 | Sewer    | Killed a big kobold
  1986 | Sewer    | Reached skill level 6 in Necromancy
  1986 | Sewer    | Reached XP level 5. HP: 14/42 MP: 0/9
  2108 | Sewer    | Found a white marble altar of Elyvilon.
  2385 | Temple   | Became a worshipper of Gozag Ym Sagoz the Greedy
  2543 | D:4      | Killed an ogre
  2543 | D:4      | Reached XP level 6. HP: 31/49 MP: 0/11
  3157 | D:3      | Found a glowing golden altar of the Shining One.
  3403 | D:3      | HP: 1/49 [gnoll/spear (7)]
  3965 | D:1      | Reached skill level 7 in Necromancy
  4345 | D:5      | Entered Level 5 of the Dungeon
  4542 | D:5      | Reached XP level 7. HP: 32/55 MP: 4/13
  4690 | D:5      | Identified the Handbook of Blistering Sinister Rituals
  4779 | D:5      | Found a shadowy altar of Dithmenos.
  5009 | D:5      | Learned a level 2 spell: Throw Flame
  5015 | D:6      | Reached skill level 8 in Necromancy
  5322 | D:6      | Found a bloodstained altar of Trog.
  5333 | D:6      | Reached skill level 9 in Necromancy
  5485 | D:6      | Reached skill level 1 in Fighting
  5485 | D:6      | Reached XP level 8. HP: 24/64 MP: 8/14
  5688 | D:6      | Found a hide-covered altar of Uskayaw.
  5936 | D:7      | Found Everrono's Antique Weapon Boutique.
  6403 | D:7      | Reached skill level 5 in Spellcasting
  6500 | D:7      | Reached skill level 10 in Necromancy
  6634 | D:7      | Noticed Dowan
  6638 | D:7      | Noticed Duvessa
  6674 | D:7      | Killed Duvessa
  6675 | D:7      | Killed Dowan
  6703 | D:7      | Gained mutation: You passively map the area around you. [Deep Dwarf growth]
  6703 | D:7      | Reached XP level 9. HP: 54/74 MP: 2/17
  7306 | D:8      | Reached skill level 1 in Evocations
  7730 | D:8      | Reached skill level 5 in Evocations
  8001 | D:8      | Learned a level 3 spell: Ignite Poison
  8039 | D:9      | Noticed a troll
  8377 | D:9      | Reached skill level 11 in Necromancy
  8522 | D:9      | Reached XP level 10. HP: 71/81 MP: 6/21
  8698 | D:9      | Noticed Psyche
  8831 | D:9      | Found Tohein's Magic Scroll Boutique.
  9335 | D:9      | Noticed Psyche
  9335 | D:9      | Psyche changed into Psyche the naga
  9395 | D:10     | Entered Level 10 of the Dungeon
  9436 | D:10     | Noticed Snorg
  9442 | D:10     | Mangled by Snorg

Skill      XL: |  1  2  3  4  5  6  7  8  9 10 |
---------------+-------------------------------+-----
Necromancy     | 5 6 7 9 10 11 | 11.3
Armour         | 1 2 |  2.5
Spellcasting   | 2 3 4 5 7 8 |  8.4
Fighting       | 1 2 |  2.7
Evocations     | 5 |  5.9
Dodging        | |  2.1
Stealth        | |  2.4

Action                   |  1- 3 |  4- 6 |  7- 9 | 10-12 || total
-------------------------+-------+-------+-------+-------++-------
Melee: Dagger            |     5 |    40 |   154 |   122 ||   321
       Spear             |       |       |   211 |    18 ||   229
 Fire: Hunting sling     |    10 |    21 |    30 |       ||    61
 Cast: Pain              |    44 |   107 |    91 |     1 ||   243
       Vampiric Draining |     3 |    31 |    95 |    29 ||   158
       Throw Flame       |       |       |     4 |       ||     4
Invok: Call Merchant     |       |       |     1 |       ||     1
Evoke: Wand              |       |       |     1 |    22 ||    23
  Use: Scroll            |     4 |     1 |     6 |       ||    11
 Stab: Sleeping          |       |       |     1 |       ||     1
  Eat: Chunk             |     2 |     6 |       |       ||     8
       Meat ration       |       |     2 |     2 |       ||     4
       Royal jelly       |       |       |     3 |       ||     3
       Bread ration      |       |       |       |     1 ||     1
       Fruit             |       |       |       |     1 ||     1
Armor: Ring mail         |    10 |    47 |   162 |    56 ||   275
Dodge: Dodged            |    10 |    83 |   217 |    76 ||   386
